 Dungeon Crawl Stone Soup version 0.29.1-15-g9cfb28693d (webtiles) character file.

Game seed: 7778947345930008192

16679 FexLirch the Basher (level 12, -4/100 (101) HPs)
             Began as a Minotaur Delver on Feb 27, 2023.
             Was a Priest of Kikubaaqudgha.
             Slain by an orc warrior
             ... wielding a +0 trident
              (17 damage)
             ... on level 1 of the Orcish Mines.
             The game lasted 00:42:12 (14128 turns).

FexLirch the Basher (Minotaur Delver)              Turns: 14128, Time: 00:42:12

HP:   -4/100 (101)  AC:  7    Str: 27    XL:     12   Next: 12%
MP:   8/16          EV: 18    Int: 11    God:    Kikubaaqudgha [***...]
Gold: 707           SH:  5    Dex: 14    Spells: 3/18 levels left

rFire   . . .      SeeInvis .   y - +1 eveningstar (vamp)
rCold   . . .      Faith    .   R - +0 buckler
rNeg    . . .      Spirit   .   P - +2 leather armour of the Scribe {Will+ Str+5}
rPois   .          Reflect  .   (helmet restricted)
rElec   .          Harm     .   (no cloak)
rCorr   .          Rampage  .   A - +0 pair of gloves
Will    +....                   (no boots)
Stlth   ++........              F - amulet of magic regeneration
HPRegen 0.26/turn               Q - +4 ring of evasion
MPRegen 0.55/turn               E - +6 ring of strength

@: about to teleport, animating dead, very slightly contaminated, lightly
drained
A: horns 2, retaliatory headbutt
a: Renounce Religion, Unearth Wretches


You were on level 1 of the Orcish Mines.
You worshipped Kikubaaqudgha.
Kikubaaqudgha was most pleased with you.
You visited 3 branches of the dungeon, and saw 15 of its levels.

You collected 808 gold pieces.
You spent 101 gold pieces at shops.

Inventory:

Hand Weapons
 x - a +0 sling
 y - a +1 vampiric eveningstar (weapon)
 K - a +1 trident of venom
Missiles
 o - a throwing net
Armour
 u - a +0 troll leather armour
 A - a +0 pair of gloves (worn)
 D - a +0 kite shield
 N - +0 acid dragon scales
 P - the +2 leather armour of the Scribe (worn) {Will+ Str+5}
   (You found it on level 7 of the Dungeon)

   Str:       It affects your strength (+5).
   Will:      It increases your willpower.
 R - a +0 buckler (worn)
Jewellery
 a - a ring of ice
 v - a +4 ring of protection
 z - a ring of protection from cold
 E - a +6 ring of strength (right hand)
 F - an amulet of magic regeneration (around neck)
 H - a ring of ice
 Q - a +4 ring of evasion (left hand)
Wands
 g - a wand of digging (2)
 i - a wand of iceblast (17)
 k - a wand of mindburst (12)
 m - a wand of paralysis (4)
Scrolls
 c - a scroll of fog
 d - a scroll of magic mapping
 e - 2 scrolls of fear
 h - 3 scrolls of summoning
 j - 4 scrolls of enchant armour
 n - a scroll of vulnerability {unknown}
 r - 2 scrolls of brand weapon
 s - 3 scrolls of blinking
 t - 4 scrolls of teleportation
 B - 2 scrolls of silence
 G - a scroll of torment
 J - a scroll of poison {unknown}
Potions
 f - a potion of haste
 l - 5 potions of curing
 p - a potion of lignification {unknown}
 q - 5 potions of attraction
 w - 2 potions of magic
 C - a potion of brilliance {unknown}
 I - 4 potions of might
 L - a potion of mutation {unknown}
 O - 2 potions of flight


   Skills:
 + Level 7.8 Fighting
 + Level 14.5 Maces & Flails
 + Level 6.8 Armour
 + Level 6.7 Dodging
 - Level 4.1 Stealth
 + Level 4.0 Shields
 + Level 3.8 Spellcasting
 + Level 2.6 Hexes
 * Level 7.2 Necromancy


You had 3 spell levels left.
You knew the following spells:

 Your Spells              Type           Power      Damage    Failure   Level
a - Necrotise             Necr           72%        1d7       1%          1
b - Sublimation of Blood  Necr           18%        N/A       2%          2
c - Animate Dead          Necr           18%        N/A       19%         4
d - Anguish               Hex/Necr       6%         N/A       43%         4
e - Dispel Undead         Necr           18%        3d11      19%         4

Your spell library contained the following spells:

 Spells                   Type           Power      Damage    Failure   Level
 Summon Small Mammal      Summ           8%         N/A       34%         1
 Tukima's Dance           Hex            7%         N/A       34%         3
 Poisonous Vapours        Pois/Air       4%         N/A       47%         2
 Scorch                   Fire           4%         2d5       47%         2
 Portal Projectile        Hex/Tloc       10%        N/A       52%         3
 Summon Guardian Golem    Hex/Summ       5%         N/A       52%         3
 Call Canine Familiar     Summ           2%         N/A       71%         3
 Conjure Flame            Conj/Fire      2%         6-21      71%         3
 Frozen Ramparts          Ice            4%         1d1       71%         3
 Ignite Poison            Fire/Tmut/Pois 2%         N/A       71%         3
 Agony                    Necr           18%        N/A       45%         5
 Corpse Rot               Necr/Pois/Air  7%         N/A       78%         4
 Borgnjor's Vile Clutch   Necr/Erth      5%         N/A       91%         5
 Flame Wave               Conj/Fire      2%         2d4       98%         4
 Ice Form                 Ice/Tmut       2%         N/A       98%         4
 Sticky Flame             Conj/Fire      2%         2d3       98%         4
 Summon Ice Beast         Ice/Summ       2%         N/A       98%         4
 Summon Mana Viper        Hex/Summ       5%         N/A       99%         5
 Blade Hands              Tmut           1%         N/A       100%        5
 Irradiate                Conj/Tmut      1%         3d12      100%        5
 Simulacrum               Ice/Necr       5%         N/A       100%        6
 Summon Cactus Giant      Summ           1%         N/A       100%        6
 Dragon Form              Tmut           1%         N/A       100%        7
 Monstrous Menagerie      Summ           1%         N/A       100%        7


Dungeon Overview and Level Annotations

Branches:
Dungeon (13/15)            Temple (1/1) D:4            Lair (0/5) D:10
    Orc (1/2) D:9
 Vaults: D:13-14

Altars:
Cheibriados
Dithmenos
Elyvilon
Fedhas
Kikubaaqudgha
Makhleb
Okawaru
Qazlal
Sif Muna
Trog
Vehumet
Wu Jian
Xom
Yredelemnul
Zin
The Shining One

Shops:
D:3 [   D:4 :!*(*   D:9 [

Portals:
Trove: D:12 (give +6 ice dragon scales)


Innate Abilities, Weirdness & Mutations

You have a pair of horns on your head.
You reflexively headbutt those who attack you in melee.


Message History

The orc warrior is healed somewhat.
The orc warrior hits your orc priest zombie with a +0 trident!!
Your orc priest zombie is destroyed!
The orc warrior is wracked by anguish!
The orc knight hits your orc knight zombie with a +1 broad axe!!
The orc knight hits your orc warrior zombie with a +1 broad axe!!
Your orc warrior zombie is destroyed!
The orc wizard casts a spell at you. The puff of flame hits your orc zombie!
Your orc zombie is destroyed!
The orc wizard is wracked by anguish.
The cyclops hits your orc warrior zombie!
Your orc warrior zombie is destroyed!
Your orc knight zombie hits the orc knight.
The warg bites your orc knight zombie. The orc warrior closely misses you.
The orc wizard casts a spell at you. The magic dart hits you.
* * * LOW HITPOINT WARNING * * *
The orc wizard is wracked by anguish.
The warg bites your orc knight zombie!
Your orc knight zombie hits the orc knight but does no damage.
Kikubaaqudgha accepts your kill.
You feel a bit more experienced.
You impale the warg!!
You feel better.
The warg is heavily wounded.
You block the warg's attack. The orc warrior barely misses you.
The orc priest calls upon Beogh to heal the orc wizard.
The orc wizard is healed somewhat.
You miss the warg.
The warg is heavily wounded.
The warg barely misses you. You block the orc warrior's attack.
As you read the scroll of teleportation, it crumbles to dust.
You feel strangely unstable.
The warg howls!
The orc warrior hits you from afar with a +0 trident!
* * * LOW HITPOINT WARNING * * *
You closely miss the orc priest. Your headbutt misses the orc priest.
The orc warrior hits you from afar with a +0 trident!
You die...
Kikubaaqudgha rasps: "You have failed me!
Welcome... death!"

....... ##.....
....$..##.#...##
#$............#
#.......T..$#
#....)h)Zo..#
#...o<..#
##..oC.##
##.oo## ###o@#
####


You could see an orc knight, a cyclops, a warg, an orc warrior (strong), 2 orc
priests and an orc wizard (strong, anguished).

Vanquished Creatures
  2 boulder beetles (D:11)
  Erica (D:9)
  3 skeletal warriors (D:12)
  A cyclops (D:12)
  A gargoyle (D:10)
  2 komodo dragons (D:12)
  4 trolls
  The ghost of Wentworth the Chiller, a novice VSIE (D:5)
  A hornet (D:7)
  3 meliai (D:13)
  3 wraiths
  4 wyverns
  Eustachio (D:4)
  9 yaks
  3 steam dragons
  4 vampire mosquitoes
  An acid dragon (D:9)
  A water moccasin (D:8)
  An orc warrior (D:9)
  2 black bears
  2 sky beasts
  3 ice beasts
  3 ogres
  3 centaurs
  A phantom (D:4)
  2 kobold brigands (D:7)
  4 bullfrogs
  3 gnoll sergeants
  3 scorpions
  5 necrophages
  3 wights (D:8)
  8 killer bees
  3 howler monkeys (D:9)
  3 lava snakes (D:11)
  2 hounds (D:5)
  4 gnoll boudas
  2 jellies
  3 orc priests
  6 iguanas
  2 scorpion zombies (D:4)
  10 orc wizards
  A howler monkey zombie (D:4)
  5 adders
  20 gnolls
  A white imp (D:7)
  A worm (D:2)
  5 dart slugs
  30 orcs
  5 endoplasms
  4 giant cockroaches
  8 goblins
  4 hobgoblins
  8 jackals
  27 kobolds
  5 quokkas
  4 ball pythons
  4 bats
  A frilled lizard (D:1)
  5 rats
261 creatures vanquished.

Vanquished Creatures (collateral kills)
  A two-headed ogre (D:12)
  A skeletal warrior (D:12)
  2 molten gargoyles (D:11)
  A vampire (D:11)
  A yak (D:12)
  A centaur (D:10)
  4 gnolls
  3 orcs
14 creatures vanquished.

Vanquished Creatures (others)
  An orc knight (Orc:1)
  An ugly thing (D:12)
  A troll (Orc:1)
  3 orc warriors (Orc:1)
  A komodo dragon zombie (D:12)
  A wyvern zombie (D:9)
  A troll zombie (D:11)
  3 yak zombies (D:12)
  An orc wizard (D:11)
  A killer bee zombie (D:10)
  An iguana zombie (D:9)
  2 orcs
  2 gnoll zombies (D:9)
  8 orc zombies
  A bush (D:4)
  18 plants
46 creatures vanquished.

Grand Total: 321 creatures vanquished

Notes
Turn   | Place    | Note
-------+----------+-------------------------------------------
     0 | D:5      | FexLirch the Minotaur Delver began the quest for the Orb.
     0 | D:5      | Reached XP level 1. HP: 19/19 MP: 0/0
    17 | D:4      | Noticed an ogre
    27 | D:4      | Found Xudupp's Weapon Emporium.
    49 | D:4      | Found Plog's General Store.
   142 | D:4      | Reached skill level 3 in Maces & Flails
   167 | D:4      | Reached XP level 2. HP: 26/26 MP: 1/1
   194 | D:4      | Reached skill level 4 in Maces & Flails
   194 | D:4      | Reached XP level 3. HP: 7/31 MP: 2/2
   478 | D:3      | Found Tetufram's Armour Shoppe.
   617 | D:2      | Reached skill level 5 in Maces & Flails
  1161 | D:1      | Reached XP level 4. HP: 37/39 MP: 3/3
  2312 | D:2      | Reached skill level 6 in Maces & Flails
  3042 | D:3      | You fall into a shaft and drop 2 floors!
  3049 | D:5      | Reached XP level 5. HP: 44/45 MP: 4/4
  3196 | D:5      | Noticed an ogre
  3310 | D:5      | Reached skill level 7 in Maces & Flails
  3311 | D:5      | Found a runed translucent door.
  3312 | D:5      | Noticed Wentworth's ghost (novice VSIE)
  3581 | D:4      | Reached XP level 6. HP: 51/51 MP: 5/5
  3611 | D:4      | Reached skill level 8 in Maces & Flails
  3688 | D:4      | Found Dimp's Book Shop.
  3717 | D:4      | Found Huec's Distillery.
  3725 | D:4      | Bought a potion of heal wounds for 65 gold pieces
  3871 | D:4      | Found a blossoming altar of Fedhas.
  3949 | D:4      | Reached skill level 9 in Maces & Flails
  3954 | D:4      | Reached XP level 7. HP: 50/57 MP: 6/6
  4046 | D:4      | Found a bloodstained altar of Trog.
  4067 | D:4      | Reached skill level 10 in Maces & Flails
  4067 | D:4      | Found Tesefficw's General Store.
  4071 | D:4      | Bought a scroll of teleportation for 36 gold pieces
  4083 | D:4      | Noticed Eustachio
  4121 | D:4      | Killed Eustachio
  4122 | D:4      | Reached skill level 11 in Maces & Flails
  4213 | D:4      | Reached XP level 8. HP: 56/64 MP: 7/7
  4242 | D:4      | Identified a scroll of acquirement
  4367 | D:4      | Found a staircase to the Ecumenical Temple.
  4388 | Temple   | Entered the Ecumenical Temple
  4399 | Temple   | Became a worshipper of Kikubaaqudgha
  4602 | D:4      | Found a shimmering altar of Xom.
  5478 | D:5      | Reached skill level 1 in Necromancy
  5702 | D:5      | Reached skill level 12 in Maces & Flails
  5873 | D:5      | Killed Wentworth's ghost
  6156 | D:6      | Found a glowing silver altar of Zin.
  6281 | D:6      | Reached XP level 9. HP: 27/70 MP: 8/8
  6281 | D:6      | Reached * piety under Kikubaaqudgha
  6281 | D:6      | Received a gift from Kikubaaqudgha
  6283 | D:6      | Reached skill level 13 in Maces & Flails
  6293 | D:6      | Learned a level 1 spell: Necrotise
  6296 | D:6      | Learned a level 2 spell: Sublimation of Blood
  6301 | D:6      | Learned a level 4 spell: Animate Dead
  6933 | D:7      | Reached skill level 1 in Armour
  7147 | D:7      | Acquired a +0 vampiric eveningstar
  7216 | D:7      | Found a stormy altar of Qazlal.
  7362 | D:7      | Reached skill level 1 in Spellcasting
  7566 | D:7      | Identified the +2 leather armour of the Scribe {Will+
                  | Str+5}
  8129 | D:7      | Reached skill level 5 in Fighting
  8380 | D:7      | Reached XP level 10. HP: 73/81 MP: 11/11
  8386 | D:8      | Reached ** piety under Kikubaaqudgha
  8387 | D:8      | Reached skill level 5 in Necromancy
  8617 | D:8      | Found a snail-covered altar of Cheibriados.
  8959 | D:9      | Noticed Erica
  8977 | D:9      | Killed Erica
  9077 | D:9      | Found a radiant altar of Vehumet.
  9383 | D:9      | Found a shadowy altar of Dithmenos.
  9410 | D:9      | Found a staircase to the Orcish Mines.
  9410 | D:9      | Found Pibirak's Armour Shoppe.
  9427 | D:9      | Reached skill level 5 in Dodging
  9771 | D:9      | Learned a level 4 spell: Anguish
  9772 | D:10     | Entered Level 10 of the Dungeon
 10039 | D:10     | Found a basalt altar of Yredelemnul.
 10062 | D:10     | Reached skill level 5 in Armour
 10115 | D:10     | Noticed a gargoyle
 10121 | D:10     | Killed a gargoyle
 10208 | D:10     | Reached skill level 1 in Hexes
 10452 | D:10     | Found a burning altar of Makhleb.
 10494 | D:10     | Found a white marble altar of Elyvilon.
 10496 | D:10     | Found a staircase to the Lair.
 10756 | D:11     | Noticed a molten gargoyle
 10822 | D:11     | Noticed a boulder beetle
 11013 | D:11     | Killed a boulder beetle
 11014 | D:11     | Reached skill level 14 in Maces & Flails
 11014 | D:11     | Reached XP level 11. HP: 53/91 MP: 14/14
 11229 | D:11     | Reached skill level 1 in Shields
 11243 | D:11     | HP: 6/136 [molten gargoyle/+0 flail (7)]
 11704 | D:12     | Noticed a skeletal warrior
 11740 | D:12     | Killed a skeletal warrior
 12052 | D:11     | Reached *** piety under Kikubaaqudgha
 12052 | D:11     | Received a gift from Kikubaaqudgha
 12058 | D:11     | Learned a level 4 spell: Dispel Undead
 12060 | D:11     | Noticed a boulder beetle
 12091 | D:11     | Killed a boulder beetle
 12433 | D:12     | Noticed a white ugly thing
 12441 | D:12     | Killed a white ugly thing
 12498 | D:12     | Noticed a two-headed ogre
 12510 | D:12     | Killed a two-headed ogre
 12887 | D:12     | Found a portal to a secret trove of treasure.
 12905 | D:12     | Noticed a skeletal warrior
 12918 | D:12     | Killed a skeletal warrior
 12919 | D:12     | Noticed a skeletal warrior
 12933 | D:12     | HP: 2/92 [skeletal warrior/+0 mace (17)]
 12934 | D:12     | Killed a skeletal warrior
 13295 | D:12     | Noticed a skeletal warrior
 13312 | D:12     | Killed a skeletal warrior
 13313 | D:12     | Reached XP level 12. HP: 39/101 MP: 16/16
 14114 | Orc:1    | Entered Level 1 of the Orcish Mines
 14128 | Orc:1    | Slain by an orc warrior

Illustrated notes

Levels and vault maps discovered:
D:1:      amcnicky_arrival_feature_with_door, layout_basic
D:2:      layout_basic
D:3:      layout_basic, serial_shops, nicolae_shop_hallway_stairs,
          bh_walls_and_bars, uniq_crazy_yiuf_cottage
D:4:      layout_basic, old_standard_altar, tgw_xom, fedhas_altar_decomposition,
          minmay_temple_entry_sparse_star, serial_shops, nicolae_lakefront_shop,
          nicolae_stop_n_shop_1, nicolae_shop_crystal, nicolae_shop_crystal,
          nicolae_shop_advertising_works [nicolae_subvault_shop_adworks],
          uniq_eustachio
D:5:      layout_loops_cross, gammafunk_ghost_grave, chequers_hall_statues_y
D:6:      layout_rooms, zin_scriptorium
D:7:      kennysheep_kobold_camp, layout_basic,
          nicolae_qazlal_style_of_elements, minmay_misc_feat_alley,
          serial_bayou_pond_e, kennysheep_generic_room_2
D:8:      layout_cave_pools, mainiacjoe_overflow_brackets
D:9:      layout_cave_pods, vehumet_crystals, mainiacjoe_overflow_alcove_2,
          orc_david_3, uniq_erica
D:10:     layout_roguey, mainiacjoe_overflow_concentric_impassable,
          mainiacjoe_overflow_alcove_1, kennysheep_mini_moat
D:11:     cheibrodos_magma_flow, layout_rooms, kennysheep_generic_room_9
D:12:     layout_irregular_city, nicolae_trove_entry_columns
D:13:     layout_basic
Temple:   hellmonk_temple_of_storms
Orc:1:    layout_diamond_mine, uniq_snorg

Skill      XL: |  1  2  3  4  5  6  7  8  9 10 11 12 |
---------------+-------------------------------------+-----
Maces & Flails | 3 4 5 6 7 9 11 12 13 14 | 14.5
Necromancy     | 3 4 6 7 |  7.2
Armour         | 3 5 6 |  6.8
Fighting       | 5 6 7 |  7.8
Dodging        | 4 5 6 |  6.7
Spellcasting   | 1 2 3 |  3.8
Hexes          | 1 2 |  2.6
Shields        | 3 4 |  4.0
Stealth        | |  4.1

Action                   |  1- 3 |  4- 6 |  7- 9 | 10-12 || total
-------------------------+-------+-------+-------+-------++-------
Melee: Mace              |     7 |       |       |       ||     7
       Flail             |    34 |   136 |   192 |       ||   362
       Headbutt          |     7 |    17 |    61 |    68 ||   153
       Punch             |       |     2 |     2 |     1 ||     5
       Halberd           |       |    16 |       |       ||    16
       Eveningstar       |       |       |    89 |   297 ||   386
       Trident           |       |       |       |     1 ||     1
 Fire: Sling             |       |     5 |     2 |       ||     7
Throw: Throwing net      |       |     2 |     1 |       ||     3
 Cast: Necrotise         |       |       |    17 |    29 ||    46
       Animate Dead      |       |       |       |    13 ||    13
       Anguish           |       |       |       |     5 ||     5
Invok: Unearth Wretches  |       |       |       |     3 ||     3
Evoke: Wand              |       |       |     4 |     1 ||     5
  Use: Scroll            |       |       |    11 |     8 ||    19
       Potion            |       |       |       |    10 ||    10
 Stab: Sleeping          |     5 |     4 |     4 |     1 ||    14
       Distracted        |       |     1 |       |       ||     1
       Paralysed         |       |       |       |     4 ||     4
Armor: Leather armour    |     9 |    46 |    89 |    45 ||   189
       Steam dragon scal |       |       |     3 |       ||     3
Dodge: Dodged            |    19 |    93 |   156 |   184 ||   452
Block: Buckler           |       |       |       |    32 ||    32
